 Dungeon Crawl Stone Soup version 0.29.0-5-ge4962eb29e (webtiles) character file.

Game seed: 13144977414060644984

548 edwardauron the Insei (level 7, -16/47 (52) HPs)
             Began as a Demonspawn Transmuter on Aug 29, 2022.
             Was a High Priest of Ru.
             Demolished by an ogre
             ... wielding a +0 giant club
              (25 damage)
             ... on level 5 of the Dungeon.
             The game lasted 00:06:41 (4947 turns).

edwardauron the Insei (Demonspawn Transmuter)       Turns: 4947, Time: 00:06:42

HP:   -16/47 (52)   AC:  8    Str: 16    XL:     7   Next: 7%
MP:   12/12         EV: 11    Int: 16    God:    Ru [*****.]
Gold: 251           SH:  0    Dex: 14    Spells: 8/12 levels left

rFire   . . .      SeeInvis .     - Unarmed
rCold   . . .      Faith    .   (shield unavailable)
rNeg    . . .      Spirit   .   t - +0 ring mail
rPois   .          Reflect  .   (no helmet)
rElec   .          Harm     .   (no cloak)
rCorr   .          Rampage  .   j - +0 pair of gloves
Will    .....                   (no boots)
Stlth   +.........              i - amulet of magic regeneration
HPRegen 0.15/turn               (ring unavailable)
MPRegen 0.53/turn               e - +6 ring of strength

@: exhausted, drained
A: hooves 1, molten scales 1, spiny 1, missing a hand, inability to use devices,
evolution 1
a: Renounce Religion, Draw Out Power, Power Leap, Apocalypse


You were on level 5 of the Dungeon.
You worshipped Ru.
Ru was extremely pleased with you.
You visited 1 branch of the dungeon, and saw 5 of its levels.

You collected 251 gold pieces.

Inventory:

Missiles
 p - 5 silver javelins
Armour
 j - a +0 pair of gloves (worn)
 t - a +0 ring mail (worn)
Jewellery
 e - a +6 ring of strength (right hand)
 f - a +4 ring of protection
 i - an amulet of magic regeneration (around neck)
 o - an amulet of guardian spirit
Wands
 l - a wand of digging (3)
Scrolls
 a - a scroll of immolation {unknown}
 c - a scroll of teleportation
 d - a scroll of blinking
 h - 2 scrolls of magic mapping
 s - 2 scrolls of summoning
Potions
 b - a potion of lignification
 g - a potion of mutation
 k - a potion of curing
 m - 4 potions of heal wounds
 n - 2 potions of haste
 q - a potion of flight
 r - 3 potions of might {unknown}
 u - a potion of cancellation {unknown}


   Skills:
 + Level 3.0 Fighting
 + Level 1.2 Armour
 + Level 3.2 Dodging
 + Level 3.8 Unarmed Combat
 + Level 3.3 Spellcasting
 + Level 3.3 Transmutations
 + Level 2.1 Poison Magic


You had 8 spell levels left.
You knew the following spells:

 Your Spells              Type           Power      Damage    Failure   Level
a - Beastly Appendage     Tmut           26%        N/A       9%          1
b - Spider Form           Tmut/Pois      11%        N/A       34%         3

Your spell library contained the following spells:

 Spells                   Type           Power      Damage    Failure   Level
 Wereblood                Tmut           13%        N/A       14%         2
 Foxfire                  Conj/Fire      8%         2x1d4     34%         1
 Ensorcelled Hibernation  Hex/Ice        4%         N/A       45%         2
 Conjure Flame            Conj/Fire      2%         6-21      71%         3
 Inner Flame              Hex/Fire       2%         N/A       71%         3
 Ice Form                 Ice/Tmut       7%         N/A       87%         4
 Anguish                  Hex/Necr       1%         N/A       98%         4
 Flame Wave               Conj/Fire      2%         2d4       98%         4


Dungeon Overview and Level Annotations

Branches:
Dungeon (5/15)
 Temple: D:4-7

Altars:
Gozag
Kikubaaqudgha
Ru


Innate Abilities, Weirdness & Mutations

You have large cloven feet.
You are partially covered in molten scales. (AC +2)
You are partially covered in sharp spines.
You are missing a hand.
You cannot study or use magical devices.
You have hidden genetic potential.


Message History

You barely miss the white imp. Your kick misses the white imp.
The white imp is heavily wounded.
The white imp closely misses you.
You hit the white imp.
The white imp is heavily wounded.
The white imp hits you but does no damage.
You barely miss the white imp.
You kick the white imp, but do no damage.
The white imp is heavily wounded.
You redirect the white imp's attack!
The white imp hits itself.
You hit the white imp but do no damage.
The white imp is almost dead.
The white imp gestures at you. The puff of frost hits you!
* * * LOW HITPOINT WARNING * * *
You barely miss the white imp.
The white imp is almost dead.
The white imp gestures at you. The puff of frost misses you.
You hit the white imp.
You kill the white imp!
You start resting.
You feel less exhausted.
You start resting.
An ogre comes into view. It is wielding a +0 giant club.
Found a stone staircase leading up.
The ogre shouts!
You are restored by drawing out deep reserves of power within.
You feel drained. The ogre is struck by your spines.
The ogre hits you with a +0 giant club!!
Ouch! That really hurt!
* * * LOW HITPOINT WARNING * * *
You barely miss the ogre. Your kick misses the ogre.
The ogre is moderately wounded.
The ogre is struck by your spines.
The ogre hits you with a +0 giant club!!
Ouch! That really hurt!
You die...

#########
...>....#######
#######.......#####
#..............
#.#######.##### #.#
#.# ######.# #.#
#..@O..# #.#
#.####†# #####.# #<
#.##...##.# #.
#O..)..##.#
#............##.#
#.......#........
#.....5.###.###..
##......# .# #
#......# ..


You could see an ogre.

Vanquished Creatures
  An ogre (D:5)
  A scorpion (D:5)
  A howler monkey (D:3)
  A quasit (D:5)
  3 hounds (D:4)
  An iguana (D:4)
  7 adders
  2 shadow imps (D:5)
  5 white imps (D:5)
  A worm (D:2)
  3 dart slugs
  11 orcs
  12 endoplasms
  3 giant cockroaches
  9 goblins
  8 hobgoblins
  A quokka (D:2)
  8 ball pythons
  7 bats
  5 frilled lizards
  8 kobolds
  4 rats
102 creatures vanquished.

Vanquished Creatures (others)
  A demonic plant (D:5)
  2 plants (D:2)
3 creatures vanquished.

Grand Total: 105 creatures vanquished

Notes
Turn   | Place    | Note
-------+----------+-------------------------------------------
     0 | D:1      | edwardauron the Demonspawn Transmuter began the quest for
                  | the Orb.
     0 | D:1      | Reached XP level 1. HP: 15/15 MP: 3/3
   224 | D:1      | Gained mutation: You are partially covered in sharp spines.
                  | [demonic ancestry]
   224 | D:1      | Reached XP level 2. HP: 11/21 MP: 3/5
   607 | D:1      | Found a faded altar of an unknown god.
   611 | D:1      | Prayed at the altar of an unknown god.
   611 | D:1      | Became a worshipper of Ru the Awakened
   618 | D:1      | Gained mutation: You are missing a hand. [Ru sacrifice]
   618 | D:1      | Reached * piety under Ru
   618 | D:1      | Reached ** piety under Ru
   618 | D:1      | Reached *** piety under Ru
  1197 | D:2      | Gained mutation: You have large cloven feet. [demonic
                  | ancestry]
  1197 | D:2      | Reached XP level 3. HP: 22/26 MP: 4/6
  2054 | D:3      | Found an opulent altar of Gozag.
  2054 | D:3      | Found an ancient bone altar of Kikubaaqudgha.
  2154 | D:3      | Reached XP level 4. HP: 30/33 MP: 7/7
  2688 | D:3      | Learned a level 3 spell: Spider Form
  3350 | D:3      | Reached XP level 5. HP: 18/38 MP: 9/9
  3363 | D:3      | Gained mutation: You cannot study or use magical devices.
                  | [Ru sacrifice]
  3363 | D:3      | Reached **** piety under Ru
  3363 | D:3      | Reached ***** piety under Ru
  3704 | D:3      | Gained mutation: You have hidden genetic potential. [potion
                  | of mutation]
  3754 | D:4      | Reached skill level 1 in Poison Magic
  3903 | D:4      | Reached XP level 6. HP: 44/46 MP: 10/10
  4577 | D:5      | Entered Level 5 of the Dungeon
  4873 | D:5      | Reached skill level 1 in Armour
  4873 | D:5      | Gained mutation: You are partially covered in molten
                  | scales. (AC +2) [demonic ancestry]
  4873 | D:5      | Reached XP level 7. HP: 19/50 MP: 2/12
  4895 | D:5      | HP: 1/50 [white imp/puff of frost (10)]
  4947 | D:5      | Demolished by an ogre

Illustrated notes

Levels and vault maps discovered:
D:1:      tarquinn_simple_flora_water_d, layout_basic,
          nicolae_ecumenical_lake_church, minmay_tetromino_s2
D:2:      layout_basic, serial_bayou_ford_a,
          hangedman_abyss_or_decor_lesser_grid, corexii_leaking_fountain,
          grunt_decor_cap, chequers_garden, wad_orctagon
D:3:      minmay_thinvault, layout_loops_cross,
          chequers_temple_overflow_statue_of_worship, minmay_starry_boxes
D:4:      layout_basic
D:5:      layout_loops_ring, mainiacjoe_overflow_brackets, serial_demonic,
          serial_demonic_f, serial_demonic_f, serial_demonic_a,
          serial_demonic_g, serial_demonic_b, serial_demonic_a,
          serial_demonic_c, uniq_pikel, uniq_ijyb

Skill      XL: |  1  2  3  4  5  6 |
---------------+-------------------+-----
Dodging        | 2 3 |  3.2
Transmutations | 2 3 |  3.3
Unarmed Combat | 3 |  3.8
Fighting       | 2 3 |  3.0
Poison Magic   | 1 2 |  2.1
Spellcasting   | 3 |  3.3
Armour         | 1 |  1.2

Action                   |  1- 3 |  4- 6 |  7- 9 || total
-------------------------+-------+-------+-------++-------
Melee: Unarmed           |    99 |   140 |     9 ||   248
       Kick              |    19 |    51 |     2 ||    72
       Headbutt          |     7 |     4 |       ||    11
 Cast: Beastly Appendage |    17 |     8 |       ||    25
Invok: Sacrifice a Hand  |     1 |       |       ||     1
       Sacrifice Artific |       |     1 |       ||     1
       Apocalypse        |       |     1 |       ||     1
       Draw Out Power    |       |       |     1 ||     1
  Use: Scroll            |     4 |     8 |       ||    12
       Potion            |       |     1 |       ||     1
 Stab: Sleeping          |     2 |     2 |       ||     4
       Invisible         |       |     2 |       ||     2
       Distracted        |       |     1 |       ||     1
Armor: Robe              |    12 |    13 |       ||    25
       Ring mail         |       |    14 |     2 ||    16
Dodge: Dodged            |    44 |    65 |     3 ||   112
